 Dungeon Crawl Stone Soup version 0.26-a0-812-g31a745ddcd (webtiles) character file.

Game seed: 17111413599836596240

168 tilp the Slinger (level 5, -3/34 HPs)
             Began as a Halfling Hunter on Nov 28, 2020.
             Killed from afar by an orc wizard (9 damage)
             ... with a puff of frost
             ... on level 4 of the Dungeon.
             The game lasted 00:05:07 (3093 turns).

tilp the Slinger (Halfling Hunter)                  Turns: 3093, Time: 00:05:08

Health: -3/34      AC:  6    Str: 14    XL:     5   Next: 77%
Magic:  0/5        EV: 12    Int:  9    God:
Gold:   135        SH:  0    Dex: 15    Spells: 4/4 levels left

rFire    . . .     SeeInvis .   b - +0 short sword
rCold    . . .     Faith    .   (shield restricted)
rNeg     . . .     Spirit   +   s - +0 scale mail
rPois    .         Reflect  .   (no helmet)
rElec    .         Harm     .   (no cloak)
rCorr    .         Rampage  .   (no gloves)
MR       +....                  (no boots)
Stlth    ..........             k - amulet of guardian spirit
HPRegen  0.11/turn              p - ring of protection from magic
MPRegen  0.09/turn              (no ring)

@: no status effects
A: small, mutation resistance 1
a: no special abilities


You were on level 4 of the Dungeon.
You visited 1 branch of the dungeon, and saw 4 of its levels.

You collected 135 gold pieces.

Inventory:

Hand Weapons
 a - a +1 hunting sling
 b - a +0 short sword (weapon)
 n - a +0 morningstar
Missiles
 d - 58 sling bullets
 e - 139 stones (quivered)
Armour
 c - a +0 leather armour
 s - a +0 scale mail (worn)
Jewellery
 k - an amulet of guardian spirit (around neck)
 p - a ring of protection from magic (left hand)
Scrolls
 f - 4 scrolls of remove curse
 h - 4 scrolls of teleportation
 j - a scroll of enchant armour {unknown}
 l - a scroll of immolation
 q - a scroll of enchant weapon {unknown}
Potions
 i - a potion of ambrosia
 m - a potion of heal wounds
 o - a potion of curing {unknown}
 r - a potion of lignification {unknown}
 t - a potion of resistance {unknown}


   Skills:
 - Level 1.7 Fighting
 + Level 9.5 Slings
 - Level 2.1 Dodging
 - Level 1.1 Stealth


You had 4 spell levels left.
You didn't know any spells.
Your spell library was empty.

Dungeon Overview and Level Annotations

Branches:
Dungeon (4/15)
 Temple: D:4-7

Altars:
Ru

Annotations:
D:2 Sigmund


Innate Abilities, Weirdness & Mutations

You are small and have problems with some larger weapons.
You are somewhat resistant to further mutation.


Message History

The orc priest mumbles some strange prayers to Beogh against you.
Beogh smites you!
* * * LOW HITPOINT WARNING * * *
Something hits you but does no damage.
You completely miss something.
Something hits you but does no damage. x2
You miss something. Something hits you.
* * * LOW HITPOINT WARNING * * *
Something hits you but does no damage.
You miss something.
You hear some strange, mumbled words.
A magic dart appears from out of thin air!
The magic dart hits you.
* * * LOW HITPOINT WARNING * * *
You hit something. Something barely misses you. Something hits you.
* * * LOW HITPOINT WARNING * * *
You hit something.
You hear some strange, mumbled words.
A puff of frost appears from out of thin air!
The puff of frost hits you!
You die...

...........
........... #
#..........
#.#.#.....o..
#.#.#!.......
#.......o....
###.#########
#.#########
#((†oo{@..#
#########.#######
..............#
#######.#####.#
#.# #.# #.# #.#
#.#


You could see an orc priest and an orc.

Vanquished Creatures
  A scorpion (D:2)
  4 adders
  2 oozes
  3 worms
  3 dart slugs
  8 bats
  3 giant cockroaches
  10 goblins
  3 hobgoblins
  6 jackals
  9 kobolds
  3 ball pythons
  5 frilled lizards
  10 rats
70 creatures vanquished.

Notes
Turn   | Place    | Note
-------+----------+-------------------------------------------
     0 | D:1      | tilp the Halfling Hunter began the quest for the Orb.
     0 | D:1      | Reached XP level 1. HP: 14/14 MP: 1/1
    33 | D:1      | Reached skill level 6 in Slings
   128 | D:1      | Reached XP level 2. HP: 11/19 MP: 2/2
   462 | D:1      | Reached skill level 7 in Slings
   462 | D:1      | Reached XP level 3. HP: 24/24 MP: 3/3
  1035 | D:2      | Reached XP level 4. HP: 27/29 MP: 4/4
  1211 | D:2      | Reached skill level 8 in Slings
  1405 | D:2      | Noticed Sigmund
  1507 | D:2      | Reached XP level 5. HP: 34/34 MP: 5/5
  1984 | D:3      | Reached skill level 9 in Slings
  2019 | D:3      | Found a sacrificial altar of Ru.
  3093 | D:4      | Killed from afar by an orc wizard

Illustrated notes

Levels and vault maps discovered:
D:1:      psy_arrival_conway, layout_rooms, st_stairs_7, minivault_4
D:2:      layout_loops_ring, kennysheep_another_room, uniq_sigmund
D:3:      layout_basic, hangedman_ru_absence, kennysheep_cross_room
D:4:      layout_basic, marbit_many_paths, gammafunk_temple_overflow_elements,
          vehumet_altar_wand_db

Skill      XL: |  1  2  3  4  5 |
---------------+----------------+-----
Slings         | 6 7 8 9 |  9.5
Fighting       | |  1.7
Dodging        | |  2.1
Stealth        | |  1.1

Action                   |  1- 3 |  4- 6 || total
-------------------------+-------+-------++-------
Melee: Short sword       |    63 |    88 ||   151
 Fire: Hunting sling     |    55 |    57 ||   112
  Use: Scroll            |     1 |     5 ||     6
 Stab: Sleeping          |       |     2 ||     2
Armor: Leather armour    |    22 |    18 ||    40
       Scale mail        |       |     6 ||     6
Dodge: Dodged            |    87 |    69 ||   156

Table legend: (Time is in decaauts)
 A = Elapsed time spent in this place.
 B = Non-inter-level travel time spent in this place.
 C = Inter-level travel time spent in this place.
 D = Time resting spent in this place.
 E = Time spent auto-exploring this place.
 F = Levels seen in this place.
 G = Mean time per level.
                   A        B        C        D        E       F      G
               +--------+--------+--------+--------+--------+-----+--------+
         Total |   3056 |   2845 |    211 |    177 |   2037 |   4 |  764.0 |
       Dungeon |   3056 |   2845 |    211 |    177 |   2037 |   4 |  764.0 |
               +--------+--------+--------+--------+--------+-----+--------+

Top non-repeatable levels by time:
     D:3: 1043 daAuts
     D:1: 1040 daAuts
     D:2: 913 daAuts
     D:4: 59 daAuts
